 Dungeon Crawl Stone Soup version 0.29-a0-207-gf982a884d8 (webtiles) character file.

Game seed: 3959206857260522719

170 cyrus the Skirmisher (level 5, 0/48 HPs)
             Began as a Hill Orc Fighter on Feb 23, 2022.
             Slain by an orc wizard
             ... wielding a +0 war axe
              (5 damage)
             ... on level 3 of the Dungeon.
             The game lasted 00:04:42 (2831 turns).

cyrus the Skirmisher (Hill Orc Fighter)             Turns: 2831, Time: 00:04:43

Health: 0/48       AC:  8    Str: 19    XL:     5   Next: 50%
Magic:  5/5        EV:  9    Int: 10    God:
Gold:   98         SH:  4    Dex: 10    Spells: 4/4 levels left

rFire   . . .      SeeInvis .   a - +0 war axe
rCold   . . .      Faith    .   c - +0 buckler
rNeg    . . .      Spirit   .   b - +0 scale mail
rPois   .          Reflect  .   q - +0 helmet
rElec   .          Harm     .   (no cloak)
rCorr   .          Rampage  .   (no gloves)
Will    .....                   (no boots)
Stlth   ..........              (no amulet)
HPRegen 0.16/turn               (no ring)
MPRegen 0.09/turn               (no ring)

@: no status effects
A: no striking features
a: no special abilities


You were on level 3 of the Dungeon.
You visited 1 branch of the dungeon, and saw 3 of its levels.

You collected 98 gold pieces.

Inventory:

Hand Weapons
 a - a +0 war axe (weapon)
Armour
 b - a +0 scale mail (worn)
 c - a +0 buckler (worn)
 q - a +0 helmet (worn)
Jewellery
 m - a ring of flight
Wands
 l - a wand of charming (9)
 n - a wand of polymorph (5)
Scrolls
 f - 2 scrolls of enchant armour {unknown}
 h - 3 scrolls of identify {unknown}
 i - a scroll of fear {unknown}
 k - a scroll of vulnerability {unknown}
 o - a scroll of fog {unknown}
 r - 2 scrolls of teleportation {unknown}
Potions
 d - a potion of might
 e - 3 potions of curing {unknown}
 g - a potion of degeneration {unknown}
 j - 3 potions of mutation {unknown}
 p - 2 potions of lignification {unknown}


   Skills:
 + Level 5.1 Fighting
 + Level 4.4 Axes
 + Level 4.2 Armour
 + Level 0.2 Dodging
 + Level 0.2 Stealth
 + Level 3.7 Shields


You had 4 spell levels left.
You didn't know any spells.
Your spell library contained the following spells:

 Spells                   Type           Power      Damage    Failure   Level
 Gell's Gravitas          Tloc           0%         N/A       99%         3
 Lesser Beckoning         Tloc           0%         N/A       99%         3
 Teleport Other           Tloc           0%         N/A       99%         3
 Passage of Golubria      Tloc           0%         N/A       100%        4
 Silence                  Hex/Air        0%         N/A       100%        5
 Lehudib's Crystal Spear  Conj/Erth      0%         10d2      100%        8


Dungeon Overview and Level Annotations

Branches:
Dungeon (3/15)

Altars:
Gozag


Message History

You closely miss the orc.
The orc is lightly wounded.
You miss something.
You feel less confused.
You hear some strange, mumbled words.
A magic dart appears from out of thin air!
The magic dart hits you. The orc closely misses you.
You hit the orc.
The orc is severely wounded.
You miss something.
You hear some strange, mumbled words.
A puff of flame appears from out of thin air!
The puff of flame hits you.
* * * LOW HITPOINT WARNING * * *
The orc barely misses you. Something hits you but does no damage.
The orc hits you but does no damage.
You closely miss the orc.
The orc is severely wounded.
You closely miss something. Something hits you but does no damage.
The orc hits you but does no damage.
You closely miss the orc.
The orc is severely wounded.
You hit something. Something hits you but does no damage.
The orc hits you with a +0 short sword.
* * * LOW HITPOINT WARNING * * *
You hit the orc.
You kill the orc!
You closely miss something.
You hear some strange, mumbled words.
Something tries to affect you, but you resist.
You hear some strange, mumbled words.
A magic dart appears from out of thin air!
The magic dart hits you.
* * * LOW HITPOINT WARNING * * *
Something hits you.
* * * LOW HITPOINT WARNING * * *
Things that are here:
a +0 short sword; an orc corpse You barely miss something.
Something hits you.
You die...

.# .. +## ##.# ..
.#.# ##.#.#.# ....
.# ######.##.# #
###......@..#.#.##
...$....){........
.....####..##.#.##
... ##.# # .
#.##.# #.##.#
#.##.# #.)#.#
##.#.#


There were no monsters in sight!

Vanquished Creatures
  2 orc wizards (D:3)
  A hound skeleton (D:2)
  Robin (D:2)
  2 adders (D:3)
  2 dart slugs
  5 orcs (D:3)
  5 ball pythons
  7 endoplasms
  2 giant cockroaches
  9 goblins
  14 hobgoblins
  4 kobolds
  3 quokkas (D:2)
  2 frilled lizards
  A rat (D:3)
60 creatures vanquished.

Notes
Turn   | Place    | Note
-------+----------+-------------------------------------------
     0 | D:1      | cyrus the Hill Orc Fighter began the quest for the Orb.
     0 | D:1      | Reached XP level 1. HP: 19/19 MP: 1/1
   215 | D:1      | Reached XP level 2. HP: 27/27 MP: 2/2
   327 | D:1      | Reached skill level 4 in Fighting
   645 | D:2      | Noticed Robin
   658 | D:2      | Reached XP level 3. HP: 28/33 MP: 3/3
   664 | D:2      | Killed Robin
  1254 | D:2      | Found an opulent altar of Gozag.
  1273 | D:2      | Reached XP level 4. HP: 35/40 MP: 4/4
  1708 | D:2      | Found a faded altar of an unknown god.
  2388 | D:3      | Reached XP level 5. HP: 11/47 MP: 5/5
  2395 | D:3      | Reached skill level 5 in Fighting
  2395 | D:3      | HP: 1/48 [orc/+0 whip (3)]
  2407 | D:3      | HP: 1/48 [orc/+0 whip (2)]
  2831 | D:3      | Slain by an orc wizard

Illustrated notes

Levels and vault maps discovered:
D:1:      dpeg_arrival_line_fractal, layout_loops_cross
D:2:      layout_basic, basic_altar, basic_ecumenical_altar,
          kennysheep_generic_room_14, uniq_robin
D:3:      layout_basic, mainiacjoe_overflow_alcove_4, kennysheep_generic_room_6,
          uniq_sigmund

Skill      XL: |  1  2  3  4  5 |
---------------+----------------+-----
Fighting       | 4 5 |  5.1
Axes           | 3 4 |  4.4
Armour         | 4 |  4.2
Dodging        | |  0.2
Stealth        | |  0.2
Shields        | |  3.7

Action                   |  1- 3 |  4- 6 || total
-------------------------+-------+-------++-------
Melee: War axe           |    81 |    91 ||   172
  Use: Potion            |     1 |       ||     1
Armor: Scale mail        |    43 |    75 ||   118
Dodge: Dodged            |    45 |    39 ||    84
Block: Buckler           |    24 |    15 ||    39

Table legend: (Time is in decaauts)
 A = Elapsed time spent in this place.
 B = Non-inter-level travel time spent in this place.
 C = Inter-level travel time spent in this place.
 D = Time resting spent in this place.
 E = Time spent auto-exploring this place.
 F = Levels seen in this place.
 G = Mean time per level.
                   A        B        C        D        E       F      G
               +--------+--------+--------+--------+--------+-----+--------+
         Total |   2893 |   2841 |     52 |    885 |   1417 |   3 |  964.3 |
       Dungeon |   2893 |   2841 |     52 |    885 |   1417 |   3 |  964.3 |
               +--------+--------+--------+--------+--------+-----+--------+

Top non-repeatable levels by time:
     D:2: 1359 daAuts
     D:3: 875 daAuts
     D:1: 657 daAuts
